AoeStats
← BYoooo

Hideout

509061492Analyzed
1v1 RM · 7d ago on Sep 25, 2026· 37m 51s· 2 players
Game mode
Random Map
Map size
Tiny (2 player)
Population
200
Speed
Normal
Resources
Standard
Victory
Conquest
Starting age
Dark Age
Ending age
Imperial Age
RankedLock teamsTeams togetherTeam positionsShared explorationLock speedFull tech treeHidden civsTurbo modeCheats
Victory
Defeat
🇩🇪 Franks · Germany
642
+18
🇪🇸 Khmer · Spain
680
-18
Rasel
9:29 Feudal Age
9:57 Double-Bit Axe
9:54 Horse Collar
17:36 Castle Age
17:06 Wheelbarrow
19:53 Bow Saw
26:02 Heavy Plow
29:16 Fletching
29:26 Padded Archer Armor
29:37 Forging
31:29 Scale Barding Armor
31:39 Leather Archer Armor
31:20 Bodkin Arrow
37:33 Iron Casting
37:18 Chain Barding Armor
BYoooo
10:44 Feudal Age
12:18 Double-Bit Axe
19:48 Castle Age
19:24 Wheelbarrow
18:39 Town Watch
18:55 Stone Mining
20:05 Gold Mining
20:38 Forging
20:36 Scale Barding Armor
20:33 Padded Archer Armor
21:22 Bow Saw
21:26 Squires
22:12 Scale Mail Armor
23:02 Pikeman
24:45 Iron Casting
24:30 Hand Cart
24:56 Arson
27:32 Town Patrol
29:05 Chain Mail Armor
30:37 Gold Shaft Mining
33:10 Imperial Age
35:13 Loom
38:14 Blast Furnace
37:46 Plate Mail Armor
37:34 Halberdier
Connection lost

Rejoining the realm…

Still unreachable

The connection could not be restored.

Session expired

The server has moved on; the page needs a fresh start.